 Dungeon Crawl Stone Soup version 0.22-a0-354-g30dfbe6 (webtiles) character file.

241 Amnesiac the Purveyor of Pain (level 5, -4/38 HPs)
             Began as a Mummy Necromancer on Apr 16, 2018.
             Was an Initiate of Kikubaaqudgha.
             Killed by divine providence
             ... invoked by an orc priest
              (16 damage)
             ... on level 4 of the Dungeon.
             The game lasted 00:03:21 (1759 turns).

Amnesiac the Purveyor of Pain (Mummy Necromancer)   Turns: 1759, Time: 00:03:22

Health: -4/38      AC:  2    Str: 11    XL:     5   Next: 80%
Magic:  0/10       EV: 13    Int: 16    God:    Kikubaaqudgha [......]
Gold:   129        SH:  0    Dex: 12    Spells: 3/11 levels left

rFire    x . .     SeeInvis .   a - staff of death
rCold    + . .     Gourm    .   (no shield)
rNeg     + + +     Faith    .   j - +0 robe
rPois    ∞         Spirit   .   (no helmet)
rElec    .         Reflect  .   (no cloak)
rCorr    .         Harm     .   (no gloves)
MR       .....                  (no boots)
Stlth    +++.......             b - amulet of magic regeneration
HPRegen  0.12/turn              m - ring of stealth
MPRegen  0.37/turn              (no ring)

@: very slightly contaminated
A: no food or potions, fire vulnerability, cold resistance 1, negative energy
resistance 3, torment resistance, unbreathing
a: Renounce Religion


You were on level 4 of the Dungeon.
You worshipped Kikubaaqudgha.
Kikubaaqudgha was noncommittal.
You were not hungry.

You visited 1 branch of the dungeon, and saw 4 of its levels.

You collected 129 gold pieces.

Inventory:

Hand Weapons
 k - a +0 blowgun
 n - a +1 dagger of venom
Missiles
 l - 5 poisoned needles
Armour
 j - a +0 robe (worn)
Magical Staves
 a - an uncursed staff of death (weapon)
Jewellery
 b - an amulet of magic regeneration (around neck)
 m - a ring of stealth (left hand)
Scrolls
 c - 2 scrolls of teleportation {!r, unknown}
 d - 4 scrolls of identify {!r, unknown}
 e - 5 scrolls of remove curse {!r, unknown}
 f - 2 scrolls of enchant weapon {!r, unknown}
 g - a scroll of noise {!r, unknown}
 h - 2 scrolls of fear {!r, unknown}
 i - 2 scrolls of enchant armour {!r, unknown}
 o - a scroll of magic mapping {!r, unknown}


   Skills:
 + Level 2.2 Fighting
 * Level 3.3 Dodging
 - Level 1.5 Stealth
 + Level 3.9 Spellcasting
 - Level 5.0 Necromancy


You had 3 spell levels left.
You knew the following spells:

 Your Spells              Type           Power        Failure   Level  Hunger
a - Pain                  Necr           ####         2%          1    N/A
b - Animate Dead          Necr           N/A          22%         4    N/A
d - Vampiric Draining     Necr           ####......   6%          3    N/A

Dungeon Overview and Level Annotations

Branches:
Dungeon (4/15)
 Temple: D:4-7

Altars:
Gozag
Kikubaaqudgha

Annotations:
D:3 Oozefury's ghost, amateur FoTm


Innate Abilities, Weirdness & Mutations

You do not eat or drink.
Your flesh is vulnerable to fire.
You are immune to poison.
Your flesh is cold resistant. (rC+)
You are immune to negative energy. (rN+++)
You are immune to unholy pain and torment.
You can survive without breathing.


Message History

An orc priest comes into view. It is wielding a dagger of venom.
Casting: Vampiric Draining (safe; 6% risk of failure)
Confirm with . or Enter, or press ? or * to list all spells.
You don't have enough magic to cast that spell.
You hit the orc priest but do no damage.
The orc priest is almost dead.
The orc priest barely misses you.
You hit the orc priest.
You kill the orc priest!
Kikubaaqudgha accepts your kill. The orc barely misses you.
You hit the orc but do no damage. The orc misses you.
The orc closely misses you.
Casting: Vampiric Draining (safe; 6% risk of failure)
Confirm with . or Enter, or press ? or * to list all spells.
Aiming: Pain (safe; 2% risk of failure)
Press: ? - help, Shift-Dir - straight line, f - orc priest
Aim: an orc priest, wielding a dagger of venom (chance to defeat MR: 84%)
You feel a surge of power!
You miscast Pain.
You are very lightly contaminated with residual magic.
Nothing appears to happen.
The orc priest looks satisfied for a moment.
The orc completely misses you.
Unknown command.
Casting: Pain (safe; 2% risk of failure)
Confirm with . or Enter, or press ? or * to list all spells.
Aiming: Pain (safe; 2% risk of failure)
Press: ? - help, Shift-Dir - straight line, f/p - orc priest
Aim: an orc priest, wielding a dagger of venom (chance to defeat MR: 84%)
You feel a surge of power!
The orc priest writhes in agony!
The orc priest hits you with a dagger of venom.
The orc hits you.
Unknown command.
The orc priest hits you with a dagger of venom.
The orc closely misses you.
Things that are here:
a hand axe; an orc corpse
Casting: Pain (safe; 2% risk of failure)
Confirm with . or Enter, or press ? or * to list all spells.
Aiming: Pain (safe; 2% risk of failure)
Press: ? - help, Shift-Dir - straight line, f/p - orc priest
Aim: an orc priest, wielding a dagger of venom (heavily wounded, chance to defeat MR: 84%)
You feel a surge of power!
The orc priest writhes in agony!
The orc priest hits you with a dagger of venom.
* * * LOW HITPOINT WARNING * * *
The orc hits you.
* * * LOW HITPOINT WARNING * * *
Unknown command.
You hit the orc priest.
The orc priest is almost dead.
The orc priest begins to cast a cantrip, but forgets the words!
The orc hits you.
* * * LOW HITPOINT WARNING * * *
An orc priest comes into view.
Casting: Pain (safe; 2% risk of failure)
Confirm with . or Enter, or press ? or * to list all spells.
Aiming: Pain (safe; 2% risk of failure)
Press: ? - help, Shift-Dir - straight line, f/p - orc priest
Aim: an orc priest, wielding a dagger of venom (almost dead, chance to defeat MR: 84%)
You feel a surge of power!
You miscast Pain.
You feel very uncomfortable.
The orc priest invokes the aid of Beogh against you.
Beogh smites you!
You die...
Kikubaaqudgha rasps: "You have failed me!
Welcome... oblivion!"

..a. ... #... o#..# #... ....
#... ... . #...###.###..
..o.......# ####oo.......
#....@....... #####..###..#.
###.........
###########...######## .# .
#.............#### #.# .#
#................######.###.#
#.###.........#####..........
#.#.#.......### #.#.......
#.#......P..# #.#....###


You could see a worker ant (wandering), 2 orc priests and an orc.

Vanquished Creatures
  3 orc priests
  An iguana (D:4)
  A gnoll (D:1)
  4 adders
  2 worms (D:2)
  4 dart slugs
  3 leopard geckos
  2 orcs (D:3)
  A ball python (D:3)
  3 giant cockroaches
  6 goblins
  11 hobgoblins
  2 quokkas (D:2)
  7 bats
  5 frilled lizards
  7 kobolds
  5 rats
67 creatures vanquished.

Notes
Turn   | Place    | Note
-------+----------+-------------------------------------------
     0 | D:1      | Amnesiac the Mummy Necromancer began the quest for the Orb.
     0 | D:1      | Reached XP level 1. HP: 13/13 MP: 4/4
    54 | D:1      | Reached XP level 2. HP: 20/20 MP: 2/5
   229 | D:1      | Reached skill level 1 in Fighting
   229 | D:1      | Reached XP level 3. HP: 20/26 MP: 0/7
   234 | D:1      | Learned a level 3 spell: Vampiric Draining
   422 | D:1      | Found an ancient bone altar of Kikubaaqudgha.
   697 | D:2      | Reached XP level 4. HP: 21/32 MP: 4/8
   743 | D:2      | Learned a level 4 spell: Animate Dead
  1098 | D:3      | Found an opulent altar of Gozag.
  1463 | D:3      | Noticed Oozefury's ghost (amateur FoTm)
  1499 | D:3      | Reached XP level 5. HP: 34/38 MP: 3/10
  1652 | D:4      | Reached skill level 5 in Necromancy
  1686 | D:4      | Found an ancient bone altar of Kikubaaqudgha.
  1733 | D:4      | Became a worshipper of Kikubaaqudgha
  1759 | D:4      | Killed from afar by an orc priest

Vault maps used:
D:1:      dpeg_arrival_lava_altar, hangedman_feature_mirror
D:3:      nicolae_gozag_cash_rules_everything_around_me
D:4:      kiku_gazebo_garden_becter, lemuel_round_altar, serial_shops, shop

Skill      XL: |  1  2  3  4  5 |
---------------+----------------+-----
Dodging        | 2 3 |  3.3
Fighting       | 1 2 |  2.2
Spellcasting   | 3 |  3.9
Necromancy     | 5 |  5.0
Stealth        | |  1.5

Action                   |  1- 3 |  4- 6 || total
-------------------------+-------+-------++-------
Melee: Staff             |       |     4 ||     4
 Cast: Pain              |    77 |    61 ||   138
       Vampiric Draining |       |     6 ||     6
Armor: Robe              |     1 |     1 ||     2
Dodge: Dodged            |    14 |    16 ||    30

Table legend:
 A = Spawn XP
 B = Non-spawn XP
 C = Spawn XP percentage of total XP
 D = Spawn monster count
 E = Non-spawn monster count
 F = Spawn count percentage of total count
 G = Total turns spent on level
                    A         B        C        D         E        F      G
               +---------+---------+-------+---------+---------+-------+---------
         Total |       0 |     345 |   0.0 |       0 |      67 |   0.0 |  1759
               +---------+---------+-------+---------+---------+-------+---------
           D:1 |       0 |      58 |   0.0 |       0 |      24 |   0.0 |   450
           D:2 |       0 |      79 |   0.0 |       0 |      21 |   0.0 |   637
           D:3 |       0 |      89 |   0.0 |       0 |      19 |   0.0 |   546
           D:4 |       0 |     119 |   0.0 |       0 |       3 |   0.0 |   126
               +---------+---------+-------+---------+---------+-------+---------
